 Dungeon Crawl Stone Soup version 0.30-a0-358-g0d69a1922f (webtiles) character file.

Game seed: 18142365935262753178

113 xian the Trooper (level 4, -4/40 HPs)
             Began as an Armataur Monk on Nov 10, 2022.
             Splashed by a jelly's acid (5 damage)
             ... on level 4 of the Dungeon.
             The game lasted 00:06:18 (1619 turns).

xian the Trooper (Armataur Monk)                    Turns: 1619, Time: 00:06:19

Health: -4/40      AC:  0    Str: 18    XL:     4   Next: 65%
Magic:  4/4        EV:  8    Int: 11    God:
Gold:   161        SH:  0    Dex: 12    Spells: 3/3 levels left

rFire   . . .      SeeInvis .    d - +4 short sword
rCold   . . .      Faith    .    (no shield)
rNeg    . . .      Spirit   .    n - +1 scale mail {rPois}
rPois   +          Reflect  .    k - +0 helmet
rElec   .          Harm     .    (no cloak)
rCorr   .          Roll     +    (no gloves)
Will    .....                    (no barding)
Stlth   +.........               (no amulet)
HPRegen 0.26/turn                j - ring of poison resistance
MPRegen 0.09/turn                (no ring)

@: corroded
A: large, rugged brown scales 3, deformed body, armoured tail, roll, long
tongue, awkward tongue
a: no special abilities


You were on level 4 of the Dungeon.
You visited 1 branch of the dungeon, and saw 4 of its levels.

You collected 161 gold pieces.

Inventory:

Hand Weapons
 d - a +4 short sword (weapon)
Missiles
 o - 2 boomerangs (quivered)
Armour
 k - a +0 helmet (worn)
 n - a +1 scale mail of poison resistance (worn)
Jewellery
 j - a ring of poison resistance (left hand)
Wands
 h - a wand of flame (11)
 m - a wand of paralysis (7)
Scrolls
 f - a scroll of enchant weapon {unknown}
 i - 2 scrolls of teleportation {unknown}
 l - a scroll of identify {unknown}
Potions
 b - a potion of flight {unknown}
 c - a potion of ambrosia
 e - 3 potions of curing {unknown}
 g - a potion of mutation {unknown}
 p - a potion of brilliance {unknown}


   Skills:
 + Level 3.5 Fighting
 + Level 1.1(2.2) Short Blades
 + Level 3.0(3.1) Long Blades
 + Level 1.5 Armour
 + Level 2.7 Dodging
 + Level 2.8 Stealth


You had 3 spell levels left.
You didn't know any spells.
Your spell library contained the following spells:

 Spells                   Type           Power      Damage    Failure   Level
 Kindle Blastsparks       Fire/Tloc/Air  0%         2d10      98%         3
 Fulminant Prism          Conj/Hex       0%         3d5       100%        4
 Iskenderun's Mystic Bla  Conj/Tloc      0%         2d3       100%        4
 Lee's Rapid Deconstruct  Erth           0%         3d4*      100%        5


Dungeon Overview and Level Annotations

Branches:
Dungeon (4/15)
 Temple: D:4-7

Altars:
The Shining One

Annotations:
D:3 Sigmund


Innate Abilities, Weirdness & Mutations

You are completely covered in rugged brown scales. (AC +3, +7% HP)
Armour fits poorly on your strangely shaped body.
You have a long armoured tail.
You roll when moving toward enemies. (Rampage)
Your long tongue fully drains potion bottles. (2x potion effects)
Your tongue gives you trouble enunciating. (1.5x scroll delay)


Message History

Found four items.
Found a stone staircase leading up.
There is a stone staircase leading up here.
You hit the jelly.
Your hands burn!
You tail-slap the jelly.
The jelly is moderately wounded.
You hit the jelly. The acid corrodes you!
Your hands burn!
You tail-slap the jelly.
The jelly is severely wounded.
A gnoll comes into view. It is wielding a +0 spear.
The jelly hits you.
You are splashed with acid!
A gnoll comes into view. It is wielding a +0 whip.
Unknown command.
You hit the jelly.
Your hands burn!
The jelly is almost dead.
The jelly hits you but does no damage.
Unknown command.
You hit the jelly but do no damage.
Your hands burn!
The jelly is almost dead.
A hobgoblin comes into view.
The hobgoblin barely misses you. The jelly closely misses you.
Unknown command.
You hit the jelly. The acid corrodes you!
Your hands burn!
You tail-slap the jelly, but do no damage.
The jelly is almost dead.
The hobgoblin closely misses you. The jelly barely misses you.
Unknown command.
You hit the jelly.
Your hands burn!
The jelly is almost dead.
The hobgoblin barely misses you. The jelly hits you.
You are splashed with acid!
* * * LOW HITPOINT WARNING * * *
Unknown command.
Unknown command.
The gnoll hits you with a +0 flail.
* * * LOW HITPOINT WARNING * * *
The hobgoblin hits you.
* * * LOW HITPOINT WARNING * * *
The jelly hits you.
* * * LOW HITPOINT WARNING * * *
You are splashed with acid.
You die...

## ###.
.#. ..
##g#
#Jg##
#@g.#
#.[..#
#...g.#
#...#.#
#!..$
..
##..#.
.<
###.. .
?.


You could see a jelly, 2 gnolls and 2 hobgoblins.

Vanquished Creatures
  Ijyb (D:3)
  Robin (D:2)
  2 adders
  5 orcs (D:3)
  3 ball pythons
  3 bats
  3 endoplasms
  7 goblins
  5 hobgoblins
  8 jackals
  3 kobolds
  2 quokkas
  5 rats
48 creatures vanquished.

Notes
Turn   | Place    | Note
-------+----------+-------------------------------------------
     0 | D:1      | xian the Armataur Monk began the quest for the Orb.
     0 | D:1      | Reached XP level 1. HP: 19/19 MP: 1/1
   228 | D:1      | Reached XP level 2. HP: 26/26 MP: 2/2
   270 | D:1      | Found a faded altar of an unknown god.
   880 | D:2      | Noticed Robin
   888 | D:2      | Reached XP level 3. HP: 32/32 MP: 3/3
   910 | D:2      | Killed Robin
  1070 | D:2      | Reached skill level 1 in Armour
  1381 | D:3      | Reached skill level 1 in Short Blades
  1381 | D:3      | Reached XP level 4. HP: 33/40 MP: 4/4
  1448 | D:3      | Noticed Ijyb
  1473 | D:3      | Killed Ijyb
  1540 | D:3      | Found a glowing golden altar of the Shining One.
  1558 | D:3      | Noticed Sigmund
  1619 | D:4      | HP: 2/40 [hobgoblin (5)]
  1619 | D:4      | Splashed by a jelly's acid

Illustrated notes

Levels and vault maps discovered:
D:1:      lightli_arrival_lavapool, layout_loops_ring,
          shapermc_ecumenical_altar_acropolis, minmay_misc_feat_cross,
          kennysheep_minor_cross
D:2:      layout_rooms, minmay_pentomino_s2, uniq_robin
D:3:      layout_loops_ring, mainiacjoe_overflow_chevrons,
          amcnicky_altar_gilded, uniq_natasha, uniq_sigmund, uniq_jessica,
          uniq_ijyb
D:4:      layout_gridville, marbit_many_paths, lemuel_crystal_altar,
          mainiacjoe_overflow_alcove_4, minmay_ruined_shrine, uniq_duvessa

Skill      XL: |  1  2  3 |
---------------+----------+-----
Fighting       | 3 |  3.5
Long Blades    | 3 |  3.0
Armour         | 1 |  1.5
Short Blades   | 1 |  1.1
Dodging        | |  2.7
Stealth        | |  2.8

Action                   |  1- 3 |  4- 6 || total
-------------------------+-------+-------++-------
Melee: Short sword       |    99 |    40 ||   139
       Falchion          |     2 |       ||     2
       Tailslap          |     9 |     9 ||    18
       Punch             |     1 |       ||     1
Throw: Boomerang         |       |     3 ||     3
 Stab: Sleeping          |     1 |       ||     1
Armor: Robe              |     1 |       ||     1
       Ring mail         |    28 |       ||    28
       Scale mail        |     5 |    10 ||    15
Dodge: Dodged            |    51 |    13 ||    64

Table legend: (Time is in decaauts)
 A = Elapsed time spent in this place.
 B = Non-inter-level travel time spent in this place.
 C = Inter-level travel time spent in this place.
 D = Time resting spent in this place.
 E = Time spent auto-exploring this place.
 F = Levels seen in this place.
 G = Mean time per level.
                   A        B        C        D        E       F      G
               +--------+--------+--------+--------+--------+-----+--------+
         Total |   1605 |   1547 |     58 |      0 |   1094 |   4 |  401.2 |
       Dungeon |   1605 |   1547 |     58 |      0 |   1094 |   4 |  401.2 |
               +--------+--------+--------+--------+--------+-----+--------+

Top non-repeatable levels by time:
     D:1: 689 daAuts
     D:2: 677 daAuts
     D:3: 233 daAuts
     D:4: 6 daAuts
